 Dungeon Crawl Stone Soup version 0.27.1-33-g824d729ab1 (webtiles) character file.

Game seed: 6414680761759617100

15017 pkoi the Grappler (level 11, 0/89 HPs)
             Began as a Pale Draconian Gladiator on Dec 3, 2021.
             Was a Believer of Dithmenos.
             Slain by a blink frog (13 damage)
             ... on level 2 of the Lair of Beasts.
             The game lasted 00:23:20 (18005 turns).

pkoi the Grappler (Pale Draconian Gladiator)       Turns: 18005, Time: 00:23:20

Health: 0/89       AC: 11    Str: 16    XL:     11   Next: 96%
Magic:  17/17      EV: 15    Int: 13    God:    Dithmenos [**....]
Gold:   963        SH:  0    Dex: 12    Spells: 11/18 levels left

rFire    . . .     SeeInvis .     - Unarmed
rCold    . . .     Faith    .   (no shield)
rNeg     + . .     Spirit   .   (armour unavailable)
rPois    .         Reflect  .   a - +1 hat
rElec    .         Harm     .   t - +0 cloak {rCorr}
rCorr    +         Rampage  .   w - +0 pair of gloves
Will     .....                  u - +0 pair of boots "Efihemp" {rN+ rCorr Stlth+}
Stlth    ++++......             (no amulet)
HPRegen  0.24/turn              (no ring)
MPRegen  0.15/turn              (no ring)

@: wreathed by umbra
A: breathe steam, AC +7, unfitting armour, cold-blooded, steam resistance
a: Breathe Steam, Renounce Religion, Shadow Step


You were on level 2 of the Lair of Beasts.
You worshipped Dithmenos.
Dithmenos was pleased with you.
You visited 3 branches of the dungeon, and saw 13 of its levels.

You collected 976 gold pieces.
You spent 13 gold pieces at shops.

Inventory:

Hand Weapons
 c - a +0 vorpal short sword
 h - a +2 dagger of venom
Missiles
 b - 3 throwing nets
 e - 9 javelins
 p - 58 poisoned darts (quivered)
Armour
 a - a +1 hat (worn)
 t - a +0 cloak of preservation (worn)
 u - the +0 pair of boots "Efihemp" (worn) {rN+ rCorr Stlth+}
   (You found it on level 8 of the Dungeon)

   rN:        It protects you from negative energy.
   rCorr:     It protects you from acid and corrosion.
   Stlth:     It makes you more stealthy.
 w - a +0 pair of gloves (worn)
Wands
 g - a wand of iceblast (2)
 i - a wand of charming (11)
 k - a wand of paralysis (3)
 m - a wand of flame (17)
 r - a wand of acid (1)
Scrolls
 f - 3 scrolls of enchant armour
 l - 6 scrolls of identify
 n - 3 scrolls of magic mapping
 q - a scroll of teleportation
 s - a scroll of amnesia
Potions
 d - 2 potions of ambrosia
 j - a potion of berserk rage
 o - 3 potions of curing
 v - a potion of heal wounds


   Skills:
 + Level 6.1 Fighting
 - Level 1.7 Throwing
 + Level 8.1 Dodging
 - Level 2.0 Stealth
 + Level 12.3 Unarmed Combat
 - Level 4.0 Spellcasting
 - Level 6.2 Hexes
 + Level 2.4 Translocations
 - Level 4.1 Transmutations
 - Level 4.1 Earth Magic
 + Level 4.7 Evocations


You had 11 spell levels left.
You knew the following spells:

 Your Spells              Type           Power      Damage    Failure   Level
a - Confusing Touch       Hex            18%        N/A       4%          3
b - Passwall              Tmut/Erth      10%        N/A       6%          2
c - Blink                 Tloc           N/A        N/A       12%         2

Your spell library contained the following spells:

 Spells                   Type           Power      Damage    Failure   Level
 Slow                     Hex            18%        N/A       2%          2
 Sandblast                Erth           26%        2d8       3%          1
 Lesser Beckoning         Tloc           4%         N/A       22%         3
 Stone Arrow              Conj/Erth      14%        3d7       26%         3
 Corpse Rot               Necr/Air       N/A        N/A       30%         2
 Ignite Poison            Fire/Tmut/Pois 6%         N/A       34%         3
 Conjure Flame            Conj/Fire      2%         6-21      52%         3
 Yara's Violent Unravell  Hex/Tmut       8%         3d5       56%         5
 Lee's Rapid Deconstruct  Erth           6%         3d7*      71%         5
 Dispel Undead            Necr           2%         3d7       90%         4
 Sticky Flame             Conj/Fire      2%         2d3       90%         4
 Manifold Assault         Tloc           9%         N/A       91%         5
 Death Channel            Necr           1%         N/A       100%        6
 Malign Gateway           Summ/Tloc      2%         N/A       100%        7
 Lehudib's Crystal Spear  Conj/Erth      3%         10d3      100%        8
 Summon Horrible Things   Summ           1%         N/A       100%        8
 Animate Armour           Summ/Erth      Unusable   N/A       N/A         4

Dungeon Overview and Level Annotations

Branches:
Dungeon (10/15)            Temple (1/1) D:6            Lair (2/6) D:8
 Shoals (0/4) Lair:2          Orc (0/2) D:9
  Snake: Lair:2-4    Spider: Lair:2-4

Altars:
Ashenzari
Cheibriados
Dithmenos
Elyvilon
Fedhas
Gozag
Hepliaklqana
Kikubaaqudgha
Makhleb
Nemelex Xobeh
Okawaru
Qazlal
Ru
Sif Muna
Trog
Uskayaw
Vehumet
Wu Jian
Xom
Yredelemnul
Zin
The Shining One

Shops:
D:4 (:   D:9 ?


Innate Abilities, Weirdness & Mutations

You can breathe blasts of scalding, opaque steam.
Your pale cyan-grey scales are hard. (AC +7)
You cannot fit into any form of body armour.
You are cold-blooded and may be slowed by cold attacks.
You are immune to the effects of steam.


Message History

The blink frog is heavily wounded.
The blink frog croaks.
The blink frog blinks!
The blink frog blinks!
The blink frog closely misses you. The blink frog barely misses you.
The blink frog blinks!
The blink frog closely misses you.
You closely miss the blink frog.
The blink frog blinks!
The blink frog misses you. x2
You are too injured to fight recklessly!
You are too injured to fight recklessly!
You barely miss the blink frog.
The blink frog blinks!
The blink frog misses you. The blink frog completely misses you.
You miss the blink frog. The blink frog hits you!
The blink frog hits you but does no damage.
You punch the blink frog! You tail-slap the blink frog.
The blink frog is moderately wounded.
The blink frog looks more healthy.
The blink frog hits you.
The blink frog blinks!
You miss the blink frog.
The blink frog is moderately wounded.
The blink frog hits you!
* * * LOW HITPOINT WARNING * * *
The blink frog blinks!
You miss the blink frog.
The blink frog is moderately wounded.
The blink frog blinks!
The blink frog hits you but does no damage.
The blink frog hits you!
* * * LOW HITPOINT WARNING * * *
Unknown command.
You closely miss the blink frog.
The blink frog is lightly wounded.
The blink frog hits you!
* * * LOW HITPOINT WARNING * * *
The blink frog blinks! x3; The blink frog closely misses you.
The blink frog blinks!
The blink frog blinks!
The blink frog hits you!
* * * LOW HITPOINT WARNING * * *
The blink frog barely misses you. The blink frog hits you!
You die...

.P........#.................
..#........P.................
.....###......................
................#PP..##.......
..............P........#..P...
........§§.............+...P..
##...........(#........P......
...........((..........#.....#
........(....@#...............
............F.F÷..............
.......................#.[....
.......#..##..P........#...#..
###..#######..P........P...#..
h.... ### #...(.....>.....##.
.....##..###......#...P#......
F................†............
..h...........................


You could see 2 blink frogs.

Vanquished Creatures
  2 hydras (D:8)
  A two-headed ogre (D:9)
  5 cane toads
  Joseph (D:8)
  2 rime drakes
  Maurice (D:8)
  Maggie (D:6)
  A kobold demonologist (D:9)
  2 komodo dragons
  A hornet (D:8)
  Grinder (D:3)
  A blink frog (Lair:2)
  Sigmund (D:2)
  3 wyverns
  A wraith (D:9)
  2 basilisks
  15 yaks
  An acid dragon (D:9)
  6 water moccasins
  A hornet zombie (D:6)
  3 ice beasts
  A sky beast (D:5)
  3 orc warriors
  A necrophage (D:7)
  4 black bears
  2 ogres
  7 wolves
  6 centaurs
  2 kobold brigands (D:9)
  2 gnoll sergeants
  7 bullfrogs
  A wyvern zombie (D:6)
  2 scorpions
  5 killer bees (D:9)
  3 wights (D:7)
  2 electric eels (D:6)
  A bullfrog zombie (D:5)
  2 hounds (D:6)
  3 jellies
  2 orc priests (D:4)
  3 centaur zombies
  3 bullfrog skeletons
  An iguana (D:6)
  4 orc wizards
  2 scorpion zombies (D:5)
  2 killer bee zombies
  2 howler monkey zombies
  Robin (D:2)
  3 gnolls
  A howler monkey skeleton (D:4)
  4 adders
  2 shadow imps
  3 white imps
  4 dart slugs
  26 orcs
  10 ball pythons
  6 endoplasms
  6 giant cockroaches
  11 goblins
  12 hobgoblins
  3 jackals (D:5)
  2 quokkas
  7 bats
  3 frilled lizards
  19 kobolds
  7 rats
255 creatures vanquished.

Vanquished Creatures (others)
  A sky beast (D:6)
  8 fungi
  7 plants
16 creatures vanquished.

Grand Total: 271 creatures vanquished

Notes
Turn   | Place    | Note
-------+----------+-------------------------------------------
     0 | D:1      | pkoi the Draconian Gladiator began the quest for the Orb.
     0 | D:1      | Reached XP level 1. HP: 17/17 MP: 1/1
   701 | D:1      | Reached XP level 2. HP: 24/24 MP: 2/2
   839 | D:1      | Found a faded altar of an unknown god.
  1171 | D:2      | Reached skill level 4 in Unarmed Combat
  1186 | D:2      | Noticed Sigmund
  1575 | D:2      | Reached XP level 3. HP: 25/29 MP: 3/3
  2465 | D:3      | Noticed Grinder
  2502 | D:3      | Killed Grinder
  2503 | D:3      | Reached skill level 6 in Unarmed Combat
  2503 | D:3      | Reached XP level 4. HP: 4/36 MP: 4/4
  2503 | D:3      | Reached XP level 5. HP: 4/41 MP: 5/5
  2503 | D:3      | Reached XP level 6. HP: 5/48 MP: 6/6
  3428 | D:4      | Reached skill level 7 in Unarmed Combat
  4156 | D:4      | Found Sapporgh's Book Emporium.
  4157 | D:4      | Found Yhaz's Weapon Boutique.
  4312 | D:5      | Entered Level 5 of the Dungeon
  4325 | D:5      | Your scales start taking on a pale cyan-grey colour.
  4325 | D:5      | Reached XP level 7. HP: 52/55 MP: 7/7
  4325 | D:5      | Gained mutation: You are immune to the effects of steam.
                  | [Pale Draconian growth]
  4330 | D:5      | Learned a level 3 spell: Confusing Touch
  4491 | D:5      | Reached skill level 8 in Unarmed Combat
  4491 | D:5      | Reached skill level 1 in Hexes
  5578 | D:6      | Reached XP level 8. HP: 20/61 MP: 8/8
  5592 | D:6      | Reached skill level 9 in Unarmed Combat
  5976 | D:2      | Killed Sigmund
  6150 | D:2      | Noticed Robin
  6164 | D:2      | Reached skill level 5 in Dodging
  6193 | D:2      | Killed Robin
  6509 | D:6      | Noticed Maggie
  6719 | D:6      | Killed Maggie
  6720 | D:6      | Reached skill level 10 in Unarmed Combat
  6720 | D:6      | Reached XP level 9. HP: 41/67 MP: 9/9
  7109 | D:6      | Found a staircase to the Ecumenical Temple.
  7740 | D:6      | Reached skill level 1 in Spellcasting
  8126 | D:6      | Reached skill level 11 in Unarmed Combat
  8126 | D:6      | Reached skill level 5 in Hexes
  8472 | Temple   | Entered the Ecumenical Temple
  8627 | Temple   | Became a worshipper of Dithmenos the Shadowed
  9005 | D:7      | Reached XP level 10. HP: 63/71 MP: 13/13
  9293 | D:7      | Learned a level 2 spell: Passwall
  9479 | D:7      | Found a sparkling altar of Nemelex Xobeh.
  9479 | D:7      | Found a radiant altar of Vehumet.
  9649 | D:7      | Reached skill level 1 in Stealth
 10400 | D:8      | Found a staircase to the Lair.
 10409 | D:8      | Reached skill level 1 in Transmutations
 10409 | D:8      | Reached skill level 1 in Earth Magic
 10757 | D:8      | Noticed Maurice
 10772 | D:8      | Killed Maurice
 10780 | D:8      | Noticed a four-headed hydra
 11067 | D:8      | Identified the +0 pair of boots "Efihemp" {rN+ rCorr
                  | Stlth+}
 11521 | D:8      | Noticed Joseph
 11545 | D:8      | Killed Joseph
 11699 | D:8      | Reached * piety under Dithmenos
 12047 | D:8      | Killed a four-headed hydra
 12048 | D:8      | Reached skill level 1 in Evocations
 12679 | D:9      | Found a staircase to the Orcish Mines.
 13106 | D:9      | Reached XP level 11. HP: 72/84 MP: 16/16
 13787 | D:9      | Found Fesoshu's Magic Scroll Shoppe.
 13795 | D:9      | Bought a scroll of noise for 13 gold pieces
 13812 | D:9      | Noticed a two-headed ogre
 13856 | D:9      | Killed a two-headed ogre
 13906 | D:9      | Noticed a soul eater
 13916 | D:9      | Reached ** piety under Dithmenos
 14434 | D:10     | Entered Level 10 of the Dungeon
 14608 | Lair:1   | Entered Level 1 of the Lair of Beasts
 14608 | Lair:1   | Noticed a five-headed hydra
 14615 | D:8      | Killed a five-headed hydra
 14818 | Lair:1   | Reached skill level 5 in Fighting
 15207 | Lair:1   | Reached skill level 12 in Unarmed Combat
 15263 | Lair:1   | Found a basalt altar of Yredelemnul.
 15503 | Lair:1   | Learned a level 2 spell: Blink
 16432 | Lair:1   | Reached skill level 1 in Translocations
 16942 | Lair:2   | Found a staircase to the Shoals.
 17324 | Lair:2   | HP: 3/89 [rime drake/flash freeze (21)]
 18005 | Lair:2   | Slain by a blink frog

Illustrated notes

Levels and vault maps discovered:
D:1:      giann_horns, layout_basic, ebering_ecumenical_altar_petrified,
          roderic_roman_lattice
D:2:      layout_basic, minmay_pentomino_pile, uniq_robin, uniq_sigmund
D:3:      layout_loops_corners, uniq_grinder
D:4:      layout_rooms, serial_park_tiny_pond, nicolae_wooded_promenade
D:5:      layout_basic, hex_tiny, minmay_starry_boxes
D:6:      minmay_polygon_palace, layout_rooms, minmay_temple_entry_nine_rooms,
          amcnicky_mini_pool_medium, uniq_maggie
D:7:      layout_basic, mainiacjoe_overflow_large_starburst
D:8:      layout_basic, david_lair_generic, uniq_joseph, uniq_maurice
D:9:      layout_basic, david_orc_2, serial_shops, shop_fountains
D:10:     layout_roguey, uniq_nergalle
Temple:   regret_index_temple_chain_breaker
Lair:1:   layout_misc_corridors, basic_altar
Lair:2:   layout_chaotic_city, elwin_shoals_entry_rocks, gammafunk_ghost_split,
          serial_bayou_shore_b, grunt_megastairs_5, minmay_lair_oklob_chamber

Skill      XL: |  1  2  3  4  5  6  7  8  9 10 11 |
---------------+----------------------------------+-----
Unarmed Combat | 4 6 7 8 10 11 12 | 12.3
Dodging        | 3 4 5 6 7 8 |  8.1
Hexes          | 2 3 5 6 |  6.2
Spellcasting   | 2 3 4 |  4.0
Stealth        | 2 |  2.0
Transmutations | 2 4 |  4.1
Earth Magic    | 2 4 |  4.1
Fighting       | 4 6 |  6.1
Evocations     | 1 4 |  4.7
Translocations | 2 |  2.4
Throwing       | |  1.7

Action                   |  1- 3 |  4- 6 |  7- 9 | 10-12 || total
-------------------------+-------+-------+-------+-------++-------
Melee: Unarmed           |   176 |    84 |   267 |   467 ||   994
       Tailslap          |    14 |    10 |    27 |    84 ||   135
       Punch             |     2 |     4 |    16 |    23 ||    45
       Dagger            |       |     2 |     4 |       ||     6
Throw: Javelin           |     7 |       |       |       ||     7
       Dart              |       |       |       |    15 ||    15
 Cast: Confusing Touch   |       |       |       |    19 ||    19
 Abil: Breathe Steam     |       |       |    17 |    31 ||    48
Evoke: Wand              |     6 |       |       |     9 ||    15
  Use: Scroll            |     4 |     1 |     6 |     3 ||    14
       Potion            |     2 |       |     2 |     2 ||     6
 Stab: Sleeping          |     3 |     1 |     2 |     5 ||    11
       Distracted        |       |     1 |       |     2 ||     3
       Confused          |       |       |       |    12 ||    12
Armor: Skin              |    67 |    21 |   106 |   108 ||   302
Dodge: Dodged            |   139 |    35 |   170 |   298 ||   642
